 Dungeon Crawl Stone Soup version 0.21.1-1-g345015fe64 (webtiles) character file.

66029 NullDivider the Covert (level 14, -19/79 HPs)
             Began as a Spriggan Artificer on May 23, 2018.
             Was an Initiate of Gozag.
             Demolished by a skeletal warrior
             ... wielding a +0 glaive
             ... led by a skeletal warrior
              (28 damage)
             ... on level 12 of the Dungeon on May 26, 2018.
             The game lasted 03:55:06 (43397 turns).

NullDivider the Covert (Spriggan Artificer)        Turns: 43397, Time: 03:55:06

Health: -19/79     AC:  4    Str:  8    XL:     14   Next: 77%
Magic:  27/27      EV: 34    Int: 13    God:    Gozag
Gold:   2559       SH:  8    Dex: 28    Spells: 22/29 levels left

rFire    . . .     SeeInvis +   b - +2 scimitar (holy)
rCold    + . .     Gourm    .   (shield restricted)
rNeg     . . .     Faith    .   q - +2 robe {rC+}
rPois    .         Spirit   .   (helmet restricted)
rElec    .         Reflect  +   R - scarf {repulsion}
rCorr    +         Harm     .   (gloves unavailable)
MR       ++...                  (boots unavailable)
Stlth    +++++++...             K - +4 amulet of reflection
HPRegen  0.23/turn              W - ring of the Fiend {rCorr Dex+3}
MPRegen  0.20/turn              I - +4 ring of dexterity

@: berserk cooldown, slowed, drained, repel missiles, quick
A: very small, unfitting armour, large bone plates 1, see invisible, herbivore,
speed 3, slow metabolism 2
a: Potion Petition, Call Merchant, Bribe Branch, Renounce Religion


You were on level 12 of the Dungeon.
You worshipped Gozag.
Gozag was most pleased with you.
You were very hungry.

You visited 4 branches of the dungeon, and saw 22 of its levels.
You also visited: Volcano.

You collected 6264 gold pieces.
You spent 3573 gold pieces at shops.
You paid 132 gold pieces to Gozag.

Inventory:

Hand Weapons
 a - a +0 dagger of electrocution
 b - a +2 scimitar of holy wrath (weapon)
 k - a +0 hunting sling
 F - a +1 dagger of venom
Missiles
 g - 540 stones (quivered)
 v - 139 sling bullets
Armour
 q - a +2 robe of cold resistance (worn)
 R - a scarf of repulsion (worn)
Jewellery
 r - an uncursed ring of flight
 t - an uncursed ring of poison resistance
 x - an uncursed ring of protection from magic
 D - an uncursed ring of protection from cold
 E - a +4 ring of evasion
 I - a +4 ring of dexterity (right hand)
 J - an uncursed ring of protection from fire
 K - a +4 amulet of reflection (around neck)
 W - the ring of the Fiend (left hand) {rCorr Dex+3}
   (You bought it in a shop on level 2 of the Orcish Mines)

   [ring of resist corrosion]

   It affects your dexterity (+3).
Wands
 e - a wand of random effects (8)
 p - a wand of enslavement (7)
 U - a wand of digging (9)
 V - a wand of scattershot (2)
Scrolls
 d - a scroll of enchant armour
 h - 3 scrolls of fog
 l - 11 scrolls of teleportation
 n - 6 scrolls of blinking
 o - 4 scrolls of fear
 u - 10 scrolls of remove curse
 y - a scroll of enchant weapon
 B - a scroll of torment
 L - a scroll of brand weapon
 M - 4 scrolls of immolation
 N - a scroll of random uselessness
Potions
 i - 5 potions of lignification
 j - a potion of ambrosia {unknown}
 s - 2 potions of agility
 w - 4 potions of cancellation
 z - 2 potions of haste
 A - 2 potions of brilliance
 G - 2 potions of magic
 H - 2 potions of mutation {unknown}
 O - 7 potions of curing
 Q - 2 potions of heal wounds
 T - a potion of flight {unknown}
 Z - a potion of resistance
Books
 C - a book of Changes

   Spells                             Type                      Level
   a - Beastly Appendage              Transmutation                1
   b - Sticks to Snakes               Transmutation                2
   c - Spider Form                    Transmutation/Poison         3
   d - Ice Form                       Ice/Transmutation            4
   e - Blade Hands                    Transmutation                5
Comestibles
 f - 30 rations


   Skills:
 * Level 11.8(11.6) Fighting
 + Level 12.8(12.5) Short Blades
 + Level 6.3(6.1) Slings
 + Level 13.9(13.7) Dodging
 + Level 14.8(14.6) Stealth
 + Level 8.1(7.9) Spellcasting
 + Level 5.2(5.0) Hexes
 + Level 5.1(4.9) Charms
 - Level 6.0(5.7) Translocations
 - Level 10.0(9.7) Evocations


You had 22 spell levels left.
You knew the following spells:

 Your Spells              Type           Power        Failure   Level  Hunger
a - Blink                 Tloc           N/A          1%          2    None
b - Slow                  Hex            ###.....     2%          2    None
c - Shroud of Golubria    Chrm/Tloc      ###.......   2%          2    None
d - Infusion              Chrm           ###.         1%          1    None


Dungeon Overview and Level Annotations

Branches:
Dungeon (13/15)            Temple (1/1) D:7            Lair (6/6) D:9
 Shoals (0/4) Lair:3        Snake (0/4) Lair:3        Slime (0/5) Lair:6
    Orc (2/2) D:10            Elf (0/3) Orc:2
 Vaults: D:13-14

Altars:
Ashenzari
Cheibriados
Dithmenos
Fedhas
Gozag
Hepliaklqana
Kikubaaqudgha
Makhleb
Nemelex Xobeh
Okawaru
Qazlal
Ru
Trog
Wu Jian
Xom
Yredelemnul
The Shining One

Shops:
D:8 =   D:12 =   D:13 ?   Orc:2 *=:=!


Innate Abilities, Weirdness & Mutations

You are very small and have problems with some larger weapons.
You are too small for most types of armour.
You have supernaturally acute eyesight. (SInv)
You are a herbivore.
You cover ground extremely quickly.
You need consume almost no food.
You are partially covered in large bone plates. (SH +4)


Message History

Press: ? - help, Shift-Dir - straight line, f/p - skeletal warrior
Aim: a skeletal warrior, wielding a glaive (severely damaged)
The burst of metal fragments hits the skeletal warrior. x6
The skeletal warrior is almost destroyed.
The skeletal warrior hits you from afar with a glaive!
* * * LOW HITPOINT WARNING * * *
Evoke which item? (* to show all) (? for menu, Esc to quit)
Aiming: Random Effects
Press: ? - help, Shift-Dir - straight line, f/p - skeletal warrior
Aim: a skeletal warrior, wielding a glaive (almost destroyed)
The bolt of negative energy misses the skeletal warrior.
Evoke which item? (* to show all) (? for menu, Esc to quit)
Aiming: Scattershot
Press: ? - help, Shift-Dir - straight line, f/p - skeletal warrior
Aim: a skeletal warrior, wielding a glaive (almost destroyed)
The burst of metal fragments hits the skeletal warrior. x6
The skeletal warrior is almost destroyed.
The skeletal warrior hits you from afar with a glaive!!
You die...
Your body crumbles into a pile of gold.

### ######### #..'..# ..#
#.......#####'..# ..#
#..........#.'..# ..#
#######.........###'..####
#####.....####......#).'.....#
.<..................#.)#.....#
###.........##......#####....#
# #.........##...............#
###.........#.z.@(...........#
(##...........[.(............#
.....[.......................#
..(.........#....##..........#
..#..............##..........#
.............##..##..........#
#..........)###(.###...#######
#.........).###..###.###
.......(.........>...#


You could see a skeletal warrior.

Vanquished Creatures
  Frances (D:12)
  An orc warlord (Orc:2)
  Nessos (Lair:4)
  A dire elephant (Lair:6)
  3 ogre magi
  5 hydras
  Fannar (D:11)
  Harold (D:12)
  A centaur warrior (D:12)
  3 catoblepae (Lair:6)
  16 two-headed ogres
  2 death yaks (Lair:6)
  2 skeletal warriors (D:12)
  A deep troll (Orc:2)
  A lindwurm (Lair:6)
  An orc knight (Orc:2)
  An ugly thing (D:12)
  3 cyclopes
  14 elephants
  A manticore (Lair:6)
  An orc sorcerer (Orc:2)
  A centaur zombie (D:13)
  A merfolk siren (Lair:3)
  Joseph (D:7)
  2 black mambas
  A centaur skeleton (D:12)
  3 gargoyles
  8 spiny frogs
  8 komodo dragons
  A rime drake (Lair:6)
  9 trolls
  Grinder (D:4)
  5 blink frogs
  Prince Ribbit (D:6)
  5 hippogriffs
  11 dream sheep
  A meliai zombie (D:12)
  Sigmund (D:6)
  2 wyverns
  The ghost of kaisn the Shield-Bearer, an amateur DDFi (D:3)
  6 yaks
  4 basilisks
  Eustachio (D:6)
  A steam dragon (D:11)
  2 hungry ghosts
  2 wargs
  14 two-headed ogre zombies (Orc:1)
  5 water moccasins
  A soldier ant (D:10)
  An acid dragon (D:11)
  A hell hound (D:9)
  7 porcupines
  A swamp drake (D:10)
  15 orc warriors
  6 ice beasts
  3 sky beasts
  2 black bears
  26 ogres
  11 wolves
  10 centaurs
  6 crocodiles
  Blork the orc (D:4)
  16 bullfrogs
  A big kobold (D:10)
  A gnoll sergeant (D:5)
  4 scorpions
  A water moccasin skeleton (D:6)
  10 killer bees
  4 wights (D:6)
  3 electric eels
  A spectral bullfrog (D:11)
  A howler monkey (D:5)
  6 crimson imps
  A bullfrog zombie (D:5)
  A quasit (D:7)
  9 jellies
  17 orc wizards
  4 hounds
  8 orc priests
  4 bullfrog skeletons
  5 iguanas
  6 worker ants
  2 hell rats (Lair:1)
  A hound zombie (D:8)
  2 hound skeletons
  7 gnolls
  4 adders
  6 river rats (Lair:1)
  4 shadow imps
  12 white imps (Orc:2)
  9 oozes
  An adder zombie (D:8)
  2 worms (D:2)
  3 dart slugs
  6 leopard geckos
  56 orcs
  A ball python (D:7)
  4 bats
  7 giant cockroaches
  2 goblins (D:1)
  8 hobgoblins
  2 jackals (D:3)
  3 quokkas
  8 frilled lizards
  6 kobolds
  A leopard gecko skeleton (D:5)
  2 leopard gecko zombies
  A quokka skeleton (D:7)
  6 rats
519 creatures vanquished.

Vanquished Creatures (collateral kills)
  A death yak (Lair:6)
  A spiny frog (Lair:3)
  A rime drake (Lair:6)
  A hell hound (D:9)
  An orc warrior (D:10)
  2 jellies (Lair:6)
  4 orc wizards
  A worker ant (D:3)
  5 gnolls (D:5)
  An adder (D:4)
  11 orcs
  A giant cockroach (D:4)
30 creatures vanquished.

Vanquished Creatures (others)
  A manticore (Lair:6)
  A deep troll (Orc:2)
  A torpor snail (Lair:4)
  A troll (Orc:2)
  2 orc priests
  A hell rat (Lair:1)
  2 orcs (D:4)
  A gnoll (D:5)
  3 fungi
  A plant (Lair:4)
14 creatures vanquished.

Grand Total: 563 creatures vanquished

Notes
Turn   | Place    | Note
-------+----------+-------------------------------------------
     0 | D:1      | NullDivider the Spriggan Artificer began the quest for the Orb.
     0 | D:1      | Reached XP level 1. HP: 9/9 MP: 4/4
   249 | D:1      | Reached skill level 1 in Fighting
   324 | D:1      | Reached XP level 2. HP: 8/14 MP: 6/6
  1287 | D:1      | Reached skill level 2 in Stealth
  2127 | D:2      | Reached XP level 3. HP: 6/18 MP: 7/7
  2773 | D:3      | Noticed kaisn's ghost (amateur DDFi)
  2799 | D:3      | Found a sacrificial altar of Ru.
  3487 | D:3      | Killed kaisn's ghost
  3487 | D:3      | Reached skill level 3 in Stealth
  3487 | D:3      | Reached XP level 4. HP: 23/23 MP: 8/8
  3487 | D:3      | Reached XP level 5. HP: 27/27 MP: 9/9
  3507 | D:3      | Found a hazy altar of Hepliaklqana.
  3510 | D:3      | Found a bloodstained altar of Trog.
  3756 | D:3      | Reached skill level 5 in Evocations
  4133 | D:4      | Noticed Grinder
  4137 | D:4      | Paralysed by Grinder for 5 turns
  4189 | D:4      | Noticed an ogre
  4518 | D:4      | Reached XP level 6. HP: 32/32 MP: 10/10
  5440 | D:4      | Reached skill level 4 in Stealth
  5810 | D:4      | Reached XP level 7. HP: 36/36 MP: 12/12
  5827 | D:4      | Noticed Blork the orc
  5838 | D:4      | Killed Blork the orc
  5838 | D:4      | Reached skill level 5 in Dodging
  6150 | D:4      | Killed Grinder
  6150 | D:4      | Reached skill level 5 in Short Blades
  6150 | D:4      | Reached skill level 5 in Stealth
  6429 | D:5      | Entered Level 5 of the Dungeon
  6575 | D:5      | Reached XP level 8. HP: 42/42 MP: 13/13
  6643 | D:5      | Found a shimmering altar of Xom.
  7596 | D:5      | Found a basalt altar of Yredelemnul.
  7725 | D:6      | Reached skill level 6 in Stealth
  8200 | D:6      | Reached skill level 5 in Fighting
  8318 | D:6      | Found a sparkling altar of Nemelex Xobeh.
  8534 | D:6      | Noticed Prince Ribbit
  8565 | D:6      | Your ally died
  8565 | D:6      | Reached XP level 9. HP: 7/47 MP: 15/15
  9018 | D:5      | Reached skill level 7 in Stealth
 10100 | D:6      | Noticed Eustachio
 10118 | D:6      | Killed Eustachio
 10205 | D:6      | Noticed Sigmund
 10222 | D:6      | Killed Sigmund
 10637 | D:7      | Noticed Joseph
 10649 | D:7      | Killed Joseph
 10649 | D:7      | Reached skill level 8 in Stealth
 10740 | D:7      | Found a staircase to the Ecumenical Temple.
 10768 | D:7      | Found a shadowy altar of Dithmenos.
 11333 | Temple   | Entered the Ecumenical Temple
 11341 | Temple   | Became a worshipper of Gozag Ym Sagoz the Greedy
 11551 | D:8      | Found Porchere's Jewellery Boutique.
 11827 | D:8      | Reached XP level 10. HP: 53/53 MP: 17/17
 12071 | D:8      | Found a blossoming altar of Fedhas.
 12404 | D:9      | Found a burning altar of Makhleb.
 12506 | D:9      | Found a staircase to the Lair.
 12524 | D:9      | Found an ancient bone altar of Kikubaaqudgha.
 12658 | D:9      | Found Sinuduh's Food Boutique.
 12702 | D:9      | Noticed a two-headed ogre
 12709 | D:9      | Killed a two-headed ogre
 12709 | D:9      | Reached skill level 9 in Stealth
 12943 | D:10     | Entered Level 10 of the Dungeon
 13463 | D:10     | Noticed a two-headed ogre
 13469 | D:10     | Killed a two-headed ogre
 13486 | D:10     | Reached skill level 10 in Stealth
 13499 | D:10     | Noticed a two-headed ogre
 13812 | D:10     | Killed a two-headed ogre
 13812 | D:10     | Reached skill level 10 in Short Blades
 13812 | D:10     | Reached XP level 11. HP: 27/58 MP: 17/19
 14206 | D:10     | Found a staircase to the Orcish Mines.
 14555 | Lair:1   | Entered Level 1 of the Lair of Beasts
 15288 | Lair:1   | Reached skill level 10 in Dodging
 16056 | Lair:2   | Noticed a six-headed hydra
 16063 | Lair:2   | Killed a six-headed hydra
 16084 | Lair:2   | Reached skill level 10 in Evocations
 16139 | Lair:1   | Learned a level 2 spell: Blink
 16150 | Lair:1   | Learned a level 2 spell: Slow
 16170 | Lair:1   | Reached skill level 11 in Stealth
 17352 | Lair:2   | Reached skill level 1 in Slings
 17352 | Lair:2   | Reached skill level 1 in Spellcasting
 18763 | Lair:3   | HP: 3/62 [electric eel/bolt of electricity (13)]
 19869 | Lair:3   | Reached XP level 12. HP: 40/66 MP: 20/20
 20154 | Lair:3   | Found a staircase to the Snake Pit.
 20780 | Lair:3   | Found a staircase to the Shoals.
 21391 | Lair:4   | Reached skill level 12 in Stealth
 22311 | Lair:4   | Noticed Nessos
 22319 | Lair:4   | Killed Nessos
 23293 | Lair:4   | Reached skill level 10 in Fighting
 23868 | Lair:5   | Noticed a four-headed hydra
 23887 | Lair:5   | Killed a four-headed hydra
 23887 | Lair:5   | Reached skill level 5 in Spellcasting
 23909 | Lair:5   | Reached skill level 5 in Slings
 24304 | Lair:5   | Noticed a five-headed hydra
 24311 | Lair:5   | Killed a five-headed hydra
 24384 | Lair:5   | Found a dark tunnel.
 24390 | Volcano  | Entered a volcano
 24995 | Lair:6   | Entered Level 6 of the Lair of Beasts
 25000 | Lair:6   | Found a staircase to the Slime Pits.
 25130 | Lair:6   | Reached skill level 13 in Stealth
 25130 | Lair:6   | Reached XP level 13. HP: 69/72 MP: 21/21
 25440 | Lair:6   | Got a smoking mace
 25441 | Lair:6   | Identified the +6 mace "Ubohij" {antimagic, rElec} (You found it on level 6 of the Lair of Beasts)
 25873 | Lair:6   | Reached skill level 1 in Translocations
 26278 | Lair:6   | Reached skill level 1 in Hexes
 27620 | Lair:6   | Noticed a dire elephant
 27633 | Lair:6   | Killed a dire elephant
 28114 | Orc:1    | Entered Level 1 of the Orcish Mines
 28190 | Orc:2    | Entered Level 2 of the Orcish Mines
 28193 | Orc:2    | Found Kixkoudue's Distillery.
 28337 | Orc:2    | Found Paefada's Book Boutique.
 30122 | Orc:2    | Found Giocu's General Store.
 30127 | Orc:2    | Found Mazapred's Jewellery Shop.
 30795 | Orc:2    | Bought a potion of curing for 39 gold pieces
 30795 | Orc:2    | Bought a potion of curing for 39 gold pieces
 30795 | Orc:2    | Bought a potion of agility for 52 gold pieces
 30795 | Orc:2    | Bought 2 potions of curing for 78 gold pieces
 30795 | Orc:2    | Bought a potion of lignification for 39 gold pieces
 30795 | Orc:2    | Bought a potion of brilliance for 52 gold pieces
 30795 | Orc:2    | Bought a potion of might for 52 gold pieces
 30926 | Orc:2    | Reached skill level 5 in Translocations
 31668 | Orc:2    | Reached skill level 14 in Stealth
 32040 | Orc:2    | Reached XP level 14. HP: 47/79 MP: 25/25
 32415 | Orc:2    | Found Cexe's Jewellery Boutique.
 32417 | Orc:2    | Bought a scroll of fog for 34 gold pieces
 33209 | Orc:2    | Noticed an orc warlord
 33269 | Orc:2    | Killed an orc warlord
 34033 | Orc:2    | Bought the ring of the Fiend {rCorr Dex+3} for 499 gold pieces
 34078 | Orc:2    | Found a staircase to the Elven Halls.
 35265 | Orc:1    | Reached skill level 5 in Hexes
 37687 | Orc:2    | Bought a potion of resistance for 130 gold pieces
 37716 | Orc:2    | Bought a book of Battle for 520 gold pieces
 37730 | Orc:2    | Learned a level 2 spell: Shroud of Golubria
 37733 | Orc:2    | Learned a level 1 spell: Infusion
 37983 | D:9      | Bought a ration for 55 gold pieces
 37983 | D:9      | Bought a ration for 55 gold pieces
 37983 | D:9      | Bought a ration for 55 gold pieces
 37983 | D:9      | Bought a ration for 55 gold pieces
 37983 | D:9      | Bought a ration for 55 gold pieces
 37983 | D:9      | Bought a ration for 55 gold pieces
 37983 | D:9      | Bought a ration for 55 gold pieces
 37983 | D:9      | Bought a ration for 55 gold pieces
 38130 | D:11     | Identified Eqefewk's Grimoire of the Mutagenic Birds
 38326 | D:11     | Reached skill level 1 in Charms
 38880 | D:12     | Noticed Fannar
 38919 | D:12     | Noticed Frances
 39190 | D:11     | Killed Fannar
 39504 | D:12     | Noticed Harold
 39638 | D:12     | Killed Harold
 39787 | D:12     | Killed Frances
 40971 | D:12     | Found the tattered robe
 40982 | D:12     | Got a tattered robe
 41023 | D:12     | Found Ekho Cil's Jewellery Shoppe.
 41033 | D:12     | Bought a +4 ring of evasion for 504 gold pieces
 41033 | D:12     | Bought a +4 ring of dexterity for 378 gold pieces
 41033 | D:12     | Bought an uncursed ring of protection from fire for 350 gold pieces
 41045 | D:12     | Identified the cursed -5 robe of Misfortune {-Cast *Contam *Tele *Drain EV-5 Stlth-- *Curse} (You found it on level 12 of the Dungeon)
 41114 | D:12     | Gained mutation: You are partially covered in large bone plates. (SH +4) [mutagenic glow]
 42268 | D:13     | Found Pijenn Qyrho's Magic Scroll Shop.
 42287 | D:13     | Bought a scroll of identify for 30 gold pieces
 42287 | D:13     | Bought a scroll of identify for 30 gold pieces
 42287 | D:13     | Bought a scroll of identify for 30 gold pieces
 42287 | D:13     | Bought a scroll of identify for 30 gold pieces
 42287 | D:13     | Bought a scroll of enchant weapon for 112 gold pieces
 42287 | D:13     | Bought a scroll of random uselessness for 15 gold pieces
 42287 | D:13     | Bought a scroll of remove curse for 45 gold pieces
 42287 | D:13     | Bought a scroll of fog for 30 gold pieces
 42287 | D:13     | Bought a scroll of teleportation for 45 gold pieces
 42394 | D:13     | Reached skill level 5 in Charms
 43397 | D:12     | Demolished by a skeletal warrior

Skill      XL: |  1  2  3  4  5  6  7  8  9 10 11 12 13 14 |
---------------+-------------------------------------------+-----
Fighting       | 1 2 3 4 5 6 7 9 10 11 | 11.8
Short Blades   | 2 3 4 5 6 8 10 11 12 | 12.8
Stealth        | 2 3 4 5 6 8 10 11 13 14 | 14.8
Dodging        | 4 5 7 8 9 11 12 13 | 13.9
Evocations     | 5 6 7 8 9 10 | 10.0
Slings         | 2 5 6 |  6.3
Spellcasting   | 2 5 7 8 |  8.1
Translocations | 5 6 |  6.0
Hexes          | 4 5 |  5.2
Charms         | 5 |  5.1

Action                   |  1- 3 |  4- 6 |  7- 9 | 10-12 | 13-15 || total
-------------------------+-------+-------+-------+-------+-------++-------
Melee: Short sword       |   216 |    19 |       |       |       ||   235
       Dagger            |       |    59 |   470 |  1126 |  2258 ||  3913
       Scimitar          |       |       |       |       |    48 ||    48
 Fire: Hunting sling     |       |       |       |    49 |   108 ||   157
 Cast: Blink             |       |       |       |       |     4 ||     4
       Shroud of Golubri |       |       |       |       |     4 ||     4
       Slow              |       |       |       |       |     3 ||     3
       Infusion          |       |       |       |       |     1 ||     1
Evoke: Wand              |    23 |    12 |    33 |    26 |   111 ||   205
       Sack of spiders   |       |       |       |     1 |       ||     1
  Use: Scroll            |       |       |     7 |     7 |    11 ||    25
       Potion            |       |       |     1 |     1 |     2 ||     4
 Stab: Sleeping          |     2 |     3 |    14 |    43 |    22 ||    84
       Confused          |     2 |       |       |       |     4 ||     6
       Distracted        |       |     1 |     4 |    10 |    27 ||    42
       Paralysed         |       |     1 |       |     3 |     1 ||     5
       Betrayed ally     |       |       |     1 |     2 |       ||     3
  Eat: Ration            |       |     1 |     3 |     8 |    11 ||    23
Armor: Robe              |    18 |     3 |    12 |    28 |    38 ||    99
Dodge: Dodged            |   171 |    62 |   277 |   579 |  1351 ||  2440
       Deflected         |       |       |       |       |    22 ||    22
Block: Other             |       |       |     9 |    94 |   240 ||   343
       Reflection        |       |       |     1 |     2 |    16 ||    19
       Rpst.: Scimitar   |       |       |       |       |    10 ||    10
